Cogmind - Beta 16.1 @@@ ROGUE MODE // 2026.04.04 @ 01:25:46 Player: KURIIRI Result: Destroyed by 3P-O0Z(R) with Subdweller Laser Performance ------------- Evolutions (0) 0 Regions Visited (2) 400 Robots Destroyed (37) 185 Value Destroyed (771) 771 Prototype IDs (0) 0 Alien Tech Used (0) 0 Bonus (-3) -3 TOTAL SCORE: 1353 Bonus ------- High Alert Combat Kills 35 Friendly Fire -38 Cogmind --------- Core Integrity 0/250 Matter 285/300 Energy 176/200 System Corruption 0% Temperature Cool (18) Movement Rolling (130) Ox2 Location -10/Subcaves Parts ------- > --- POWER (1) -------- Subdweller Power Source > --- PROPULSION (2) --- Compact Wheel Compact Wheel > --- UTILITY (2) ------ Huge Storage Unit Propulsion Shielding > --- WEAPON (2) ------- Beam Cannon Beam Cannon > --- INVENTORY (25) --- Subdweller Power Source Subdweller Power Source Light Treads Light Treads Spiked Treads Wheel Wheel Subdweller Monowheel Subdweller Monowheel Subdweller Monowheel Small Storage Unit Improved Terrain Scanner Targeting Computer Light Armor Plating Scrap Shield Hacking Suite Makeshift Hacking Suite Makeshift System Restoration Module Riot Gun Makeshift Laser Subdweller Machine Gun Subdweller Machine Gun Subdweller Machine Gun Makeshift Hammer Peak State ------------ > --- POWER ------------ Subdweller Power Source > --- PROPULSION ------- Compact Wheel Compact Wheel > --- UTILITY ---------- Huge Storage Unit Propulsion Shielding > --- WEAPON ----------- Subdweller Machine Gun Subdweller Machine Gun > --- INVENTORY -------- Subdweller Power Source Subdweller Power Source Light Treads Light Treads Spiked Treads Wheel Wheel Subdweller Monowheel Subdweller Monowheel Subdweller Monowheel Small Storage Unit Improved Terrain Scanner Targeting Computer Light Armor Plating Scrap Shield Hacking Suite Makeshift Hacking Suite Makeshift System Restoration Module Riot Gun Makeshift Laser Beam Cannon Beam Cannon Subdweller Machine Gun Makeshift Hammer [Rating: 15] Favorites ----------- Power Light Ion Engine Engine Light Ion Engine Propulsion Compact Wheel Treads Light Treads Leg Aluminum Leg Wheel Compact Wheel Utility Huge Storage Unit Device Improved Terrain Scanner Storage Huge Storage Unit Protection Propulsion Shielding Weapon Subdweller Machine Gun Energy Gun Small Laser Energy Cannon Beam Cannon Ballistic Gun Subdweller Machine Gun Launcher Grenade Launcher Build | -11 -10 -10 ------- Run | Yrd Mat Sub Slots Evolved . | . . . Power . | . . . Propulsion . | . . . Utility . | . . . Weapon . | . . . Parts Attached 23 | . 17 6 Power 3 | . 1 2 Engine 3 | . 1 2 Core . | . . . Reactor . | . . . Propulsion 8 | . 8 . Treads 2 | . 2 . Leg . | . . . Wheel 6 | . 6 . Hover . | . . . Flight . | . . . Utility 4 | . 4 . Device 1 | . 1 . Storage 1 | . 1 . Processor . | . . . Hackware . | . . . Protection 2 | . 2 . Artifact . | . . . Weapon 8 | . 4 4 Energy Gun . | . . . Energy Cannon 3 | . 2 1 Ballistic Gun 3 | . 1 2 Ballistic Cannon . | . . . Launcher 2 | . 1 1 Special Weapon . | . . . Impact Weapon . | . . . Slashing Weapon . | . . . Piercing Weapon . | . . . Special Melee Weapon . | . . . Unidentified Prototypes . | . . . Parts Lost 3 | . 2 1 Power 1 | . . 1 Propulsion 1 | . 1 . Utility . | . . . Weapon 1 | . 1 . Highest Loss Streak 1 | . 1 1 To Critical Strikes . | . . . Average Backups 17 | 6 12 22 Power 1 | 1 . 1 Propulsion 7 | 4 6 8 Utility 4 | . 2 6 Weapon 4 | 1 3 5 Tool/Special . | . . . Unused Backups 30 | . 3 27 Power 3 | . 1 2 Propulsion 11 | . 2 9 Utility 7 | . . 7 Weapon 9 | . . 9 Tool/Special . | . . . Average Slot Usage (%) 97 | . 98 97 Engine 12 | . 14 11 Wheel 26 | . 25 28 Device 2 | . 4 . Storage 14 | . 14 14 Protection 11 | . 8 14 Energy Cannon 8 | . 15 3 Ballistic Gun 16 | . 6 24 Launcher 1 | . 3 . Peak Build Rating 15 | 6 10 15 Average Rating 11 | 6 8 13 On Entrance 7 | 6 6 9 Avg Prop Armor Cover (%) . | . . . Naked Turns . | . . . Heaviest Build 94 | 10 92 94 Greatest Support 40 | 20 40 32 Greatest Overweight (x) 3 | . 3 3 Average Overweight (x) 2 | . 1 2 Largest Inventory Capacity 25 | 8 25 25 Average Capacity 24 | 8 24 25 Most Carried 25 | 7 17 25 Average Carried 18 | 6 12 23 Final Capacity 25 | 8 25 25 Final Carried 25 | 7 17 25 Class Distribution -------------------- 100% | Mutant Dominant Class ---------------- Mutant | -10/Materials Mutant | -10/Subcaves Resources | -11 -10 -10 ----------- Run | Yrd Mat Sub Matter Collected 782 | 208 406 168 Remotely . | . . . Salvage Created 912 | 102 639 171 Parts 59 | 3 49 7 Haulers Intercepted 1 | . 1 . Recyclers Shooed 1 | . 1 . Parts Field Recycled . | . . . Retrieved Matter . | . . . Parts Self-Destructed 12 | . . 12 Prevented . | . . . Parts Restored . | . . . Kills | -11 -10 -10 ------- Run | Yrd Mat Sub Combat Hostiles Destroyed 23 | . 18 5 Guns 6 | . 4 2 Cannons 4 | . 3 1 AOE 13 | . 11 2 Classes Destroyed 11 | 2 7 2 Worker 3 | . 3 . Builder 2 | . 2 . Tunneler 1 | 1 . . Hauler 1 | . 1 . Recycler 3 | 1 2 . Operator 2 | . 2 . Watcher 2 | . 2 . Swarmer 8 | . 8 . Grunt 11 | . 10 1 Artisan 1 | . . 1 Subdweller 4 | . . 4 Best Kill Streak 8 | 2 8 2 Combat Bots Only 3 | . 3 2 Max Kills in Single Turn 3 | 1 3 1 Gunslinging . | . . . Exploded 1 | . 1 1 Melee . | . . . Uniques/NPCs Destroyed . | . . . Combat | -11 -10 -10 -------- Run | Yrd Mat Sub Hostile Shots Fired 81 | . 57 24 Missed 24 | . 17 7 Hits 57 | . 40 17 Projectile 57 | . 40 17 Critical Strikes 1 | . . 1 Damage Taken 890 | . 534 356 Core 254 | . 105 149 Absorbed by Shields . | . . . Redirected to Shielding 13 | . . 13 Core Remaining (%) 100 | 100 . . Volleys Fired 93 | 8 63 22 Largest 2 | 2 2 2 Hottest 120 | 60 120 120 Shots Fired 138 | 16 86 36 Gun 59 | 16 29 14 Cannon 56 | . 36 20 Launcher 23 | . 21 2 Special . | . . . Kinetic 46 | 8 22 16 Thermal 71 | 8 43 20 Explosive 21 | . 21 . Electromagnetic . | . . . Robot Hit Streak 12 | 4 12 8 Robot Miss Streak 5 | 2 5 1 Penetration Max . | . . . Secondary Targets 1 | . 1 . Max Gunslinging Chain 1 | . 1 . Shots Hit Robots 75 | 11 41 23 Core Hits 74 | 4 49 21 Critical Kills . | . . . Critical Parts Destroyed . | . . . Critical Strikes . | . . . Melee Attacks . | . . . Impact . | . . . Slashing . | . . . Piercing . | . . . Sneak Attacks . | . . . Combat Hostiles . | . . . Follow-up Attacks . | . . . Damage Inflicted 2548 | 108 1627 813 Guns 542 | 108 278 156 Cannons 575 | . 332 243 Explosions 1431 | . 1017 414 Melee . | . . . Ramming . | . . . Kinetic 846 | 52 224 570 Thermal 685 | 56 386 243 Explosive 1017 | . 1017 . Electromagnetic . | . . . Impact . | . . . Slashing . | . . . Piercing . | . . . Highest Corruption . | . . . Average Corruption . | . . . Corruption Purged . | . . . Corruption Blocked . | . . . Overload Shots . | . . . Overflow Damage 66 | . 66 . Projectiles 16 | . 16 . Explosions 50 | . 50 . Melee . | . . . Knockbacks . | . . . Impact . | . . . Kinetic . | . . . Secondary . | . . . Self-Inflicted Damage 99 | . 99 . Shots 6 | . 6 . Rammed . | . . . Targets Rammed . | . . . Kicked . | . . . Crushed . | . . . Highest Temperature 253 | 40 253 12 Average Temperature 70 | 16 79 10 Received Heat Transfer 237 | . 177 60 Siege Activations . | . . . Martial Activations . | . . . Shielding Activations . | . . . Robots Disrupted . | . . . Combat Hostiles . | . . . Robots Corrupted . | . . . Combat Hostiles . | . . . Parts Fried . | . . . Impact Corruptions . | . . . Robots Melted . | . . . Combat Hostiles . | . . . Parts Melted 1 | . 1 . Heat Transferred 1471 | 125 828 518 Parts Sabotaged . | . . . Parts Stolen . | . . . Parts Stripped . | . . . Power Chain Reactions . | . . . Alert | -11 -10 -10 ------- Run | Yrd Mat Sub Maximum Alert Level 2 | . 2 . Low Security (%) 48 | 100 45 . Level 1 34 | . 36 . Level 2 17 | . 18 . Level 3 . | . . . Level 4 . | . . . Level 5 . | . . . High Security . | . . . Max Security . | . . . Peak Influence 431 | 5 431 . Initial . | . . . Average 214 | 3 225 . Influence Increases 779 | 10 749 20 Destroy 0b10 Robot/C 380 | . 360 20 Destroy 0b10 Robot/NC 70 | 10 60 . Destroy Leader 86 | . 86 . Successful Hack 5 | . 5 . Select Force Hacks 60 | . 60 . Disable Machine 60 | . 60 . Destroy Structure 103 | . 103 . Lose Combat Pursuer 15 | . 15 . Influence Decreases 779 | 10 371 398 Entered New Map 182 | . . 182 Time Decay 567 | 10 351 206 Lost Part 30 | . 20 10 Squads Dispatched 5 | . 5 . Investigation 4 | . 4 . Extermination . | . . . Reinforcement 1 | . 1 . Assault . | . . . Garrison . | . . . Intercept . | . . . Searches Triggered . | . . . Construction Impeded . | . . . Haulers Reinforced . | . . . Active Scanning Responses . | . . . Cargo Convoy Interrupts . | . . . Stealth | -11 -10 -10 --------- Run | Yrd Mat Sub Distress Signals 1 | . 1 . Communications Jammed . | . . . Distress Signals . | . . . Times Spotted 43 | . 24 19 Peak Tracking Total 9 | . 5 9 Tactical Retreats 1 | . 1 . Traps | -11 -10 -10 ------- Run | Yrd Mat Sub Traps Triggered . | . . . Indirectly . | . . . Trap Hack Attempts . | . . . Triggered . | . . . Disarmed . | . . . Reprogrammed . | . . . Reused . | . . . Traps Extracted . | . . . Installed . | . . . Triggered . | . . . Machines | -11 -10 -10 ---------- Run | Yrd Mat Sub Machines Disabled 5 | . 4 1 Max in Single Turn 1 | . 1 1 Machines Repaired . | . . . Machines Dismantled . | . . . Machines Sabotaged . | . . . Overloaded Fab Kills . | . . . Hacking | -11 -10 -10 --------- Run | Yrd Mat Sub Machines Accessed 7 | . 6 1 Terminals 3 | . 3 . Fabricators . | . . . Repair Stations 1 | . 1 . Recycling Units 2 | . 2 . Scanalyzers . | . . . Garrison Access . | . . . Total Hacks 19 | . 16 3 Successful 10 | . 7 3 Failed 9 | . 9 . Catastrophic . | . . . Database Lockouts . | . . . Manual 12 | . 12 . Terminals 9 | . 9 . Fabricators . | . . . Repair Stations 4 | . 4 . Recycling Units 3 | . 3 . Scanalyzers . | . . . Garrison Access . | . . . Terminal Hacks 3 | . . 3 Record 3 | . . 3 Fabricator Hacks . | . . . Repair Station Hacks 1 | . 1 . Scan Component 1 | . 1 . Recycling Unit Hacks 1 | . 1 . Retrieve Components 1 | . 1 . Scanalyzer . | . . . Garrison Access Hacks . | . . . Unauthorized Hacks 5 | . 5 . Terminals 3 | . 3 . Botnet 1 | . 1 . Skim 2 | . 2 . Fabricators . | . . . Repair Stations . | . . . Recycling Units 2 | . 2 . Tunnel 2 | . 2 . Scanalyzers . | . . . Garrison Access . | . . . Data Cores Recovered 1 | . 1 . Used 1 | . 1 . Hacking Detections 4 | . 4 . Full Trace Events 2 | . 2 . Feedback Events . | . . . Feedback Blocked . | . . . Robot Schematics Acquired . | . . . Robots Built . | . . . Authchips . | . . . Time . | . . . Total Robot Build Rating . | . . . Part Schematics Acquired . | . . . Parts Built . | . . . Authchips . | . . . Time . | . . . Total Part Build Rating . | . . . Part Studies Acquired . | . . . Parts Repaired . | . . . Time . | . . . Parts Recycled . | . . . Recycled Matter . | . . . Retrieved Matter . | . . . Retrieved Components 10 | . 10 . Parts Scanalyzed . | . . . Part Schematics Acquired . | . . . Parts Damaged . | . . . Bothacking | -11 -10 -10 ------------ Run | Yrd Mat Sub Used RIF Installer . | . . . Robots Hacked . | . . . Non-combat . | . . . Combat . | . . . Robot Hacks Applied . | . . . Relay Couplers Released . | . . . Fabnet Peak Effective % . | . . . Robots Rewired . | . . . Allies Hacked . | . . . Hacks Repelled . | . . . Allies | -11 -10 -10 -------- Run | Yrd Mat Sub Total Allies . | . . . Largest Group . | . . . Highest-Rated Group . | . . . Highest-Rated Ally . | . . . Total Orders . | . . . Ally Attacks . | . . . Total Damage . | . . . Kills . | . . . Allies Corrupted . | . . . Allies Melted . | . . . Intel | -11 -10 -10 ------- Run | Yrd Mat Sub Active Infowar (turns) 284 | . 284 . Terrain 284 | . 284 . Robot Analysis Total . | . . . Derelict Logs Recovered 1 | . . 1 Drone Launches . | . . . Drone Recoveries . | . . . Exploration | -11 -10 -10 ------------- Run | Yrd Mat Sub Turns Passed 1942 | 42 818 1082 Spaces Moved 1189 | 15 452 722 Core . | . . . Treads 12 | . 12 . Legs 29 | 15 14 . Wheels 1148 | . 426 722 Hover . | . . . Flight . | . . . Fastest Speed 120 | 120 120 130 Average Speed 132 | 120 134 130 Slowest Speed 320 | 120 320 135 Overloaded Moves . | . . . Propulsion Burnouts . | . . . Robots Hopped . | . . . Potential Cave-ins . | . . . Cave-ins Triggered . | . . . Exploration Rate (%) 48 | 3 83 58 Regions Visited 2 Branch Regions 1 Pre-discovered Areas 4 | . 2 2 Known Exits Taken . | . . . Unknown Exits Taken 2 | 1 1 . Scrap Searched 7 | . . 7 Spaces Dug 17 | . 8 9 Terrain Destroyed 136 | . 117 19 Melee . | . . . Projectile . | . . . AOE 136 | . 117 19 Terrain Rammed . | . . . Walls Destroyed . | . . . Machines Disabled . | . . . Actions | -11 -10 -10 --------- Run | Yrd Mat Sub Total 1430 | 24 572 834 Wait 67 | 1 19 47 Move 1187 | 14 451 722 Hop . | . . . Pick Up 34 | 1 13 20 Fast Attach 6 | . 4 2 Attach 6 | . 6 . Detach 4 | . 4 . Swap 14 | . 8 6 Drop 19 | . 4 15 Fire 93 | 8 63 22 Melee . | . . . Ram . | . . . Kick . | . . . Crush . | . . . Escape Stasis . | . . . Rewire . | . . . Trap . | . . . Miscellaneous . | . . . Route ------- -11/Scrapyard -10/Materials (discovered 4 exits: [*Mat] / [*Min x2] / *Sub) -10/Subcaves (discovered 3 exits: [*Mat x2] / Rec) History --------- Turn | Location | Event 18 | -11/Scrapyard | Discovered new exit (range 3) 43 | -11/Scrapyard | Entered Materials 206 | -10/Materials | Discovered new exit (range 16) 296 | -10/Materials | Discovered new exit (range 15) 303 | -10/Materials | Build established: Mutant 631 | -10/Materials | Discovered new exit (range 16) 847 | -10/Materials | Discovered new exit (range 11) 861 | -10/Materials | Entered Subcaves 886 | -10/Subcaves | A Subdweller sparked back to life 886 | -10/Subcaves | A Subdweller sparked back to life 886 | -10/Subcaves | A Subdweller sparked back to life 902 | -10/Subcaves | Discovered new exit (range 13) 946 | -10/Subcaves | Ambushed by Subdwellers from Twisted Machinery 958 | -10/Subcaves | Core integrity fell below 50% 966 | -10/Subcaves | Ambushed by swarm of Subdwellers 968 | -10/Subcaves | Ambushed by Subdwellers from Twisted Machinery 968 | -10/Subcaves | Ambushed by Subdwellers from Twisted Machinery 972 | -10/Subcaves | Ambushed by Subdwellers from Twisted Machinery 977 | -10/Subcaves | Core integrity fell below 20% 1121 | -10/Subcaves | A swath of the cavern ceiling suddenly collapsed 1163 | -10/Subcaves | Learned location of Zion (-7) 1163 | -10/Subcaves | Met a Zionite searching for "candidates" 1224 | -10/Subcaves | Discovered new exit (range 11) 1530 | -10/Subcaves | Visited Clippyterm 1534 | -10/Subcaves | Identified exit to Recycling 1775 | -10/Subcaves | Ambushed by Subdwellers from Twisted Machinery 1813 | -10/Subcaves | Shifting Twisted Machinery released Sub. Power Source 1862 | -10/Subcaves | Shifting Twisted Machinery released Mak. Light Armor Plating 1884 | -10/Subcaves | Visited 4L-MR0's lab 1943 | -10/Subcaves | Destroyed by 3P-O0Z(R) with Subdweller Laser Last Messages --------------- Twisted Machinery. 01877_ MK-T1Y(g) triggered Piercing Trap. 01877_ Spikes shoot up from the floor. 01877_ Sub. Machine Gun shoots sparks and powers down. 01884_ 4L-MR0: "What, already? Ugh, fine! Just take it and go! I only just finished this one... Can't you folks let me experiment with them a little longer before you take them away? 01893_ KM-E2M(h): "Okay this place looks interesting, time to report back before things take a turn for the worse." 01897_ 4L-MR0 mumbles to no one in particular: "Damn Subs sneaking around stealing my stuff." 01918_ 4L-MR0 cries out in pain. 01918_ 4L-MR0 destroyed. 01918_ Machine disabled. 01921_ Acquired 17 matter. 01933_ 3P-O0Z(R): "ECOKILL!" Map ----- +----------------------------------------------------+ | ?????????????????# #?????# &#??????????????????? | | ?????????????????## #??????# ??????????????????? | | ?????????????????? ##??????? #?????????????????? | | ?????????????????# #???????? #?????????????????? | | ?????????????????## ????????? #?????????????????? | | #????????????????? ##?????????##?????????????????? | | #?????????????????#??????????????????????????????? | | ?????????????????????????????????????????????????? | | ?????????????????????????????????????????????????? | | ?????????????????????????????????????????????????? | | ?????????????????????????????????????????????????? | | ?????????????????????????????????????????????????? | | ????????????????????????????#????????????????????? | | ???????????????????????????? ### ???????????????? | | ???????????????????????????? ????????????????? | | ???????????????????????????? ????????????????? | | ??????????????????????????? #????????????????? | | ???????????????#########?? ##???????????????? | | ??????????????## """ "###? #???????????????? | | ??????????????#"""""" <""### ##??????????????? | | ??????????????# " """<<" ## #??????????????? | | ??????????????#""" ## ##???????# ???? | | ??????????????### " ##" # ### ?## ???? | | ???????????????###+##### ## " ?# ???? | | ???????????????# "#?# #< R!"#??? #???? | | ???????????????#" "#?# @ *#????? #????? | | ???????????????# ""#?# "##??## #????? | | ???????????????# X"#?# # < #""" ### # "#????? | | ???????????????#/ ""#?#####< ## " "" ????? | | ???????????????#"#""#?????# ## "" "" ???? | | ???????????????#=#""#?????## # "" " ???? | | ???????????????##?##????#### # #######????? | | ????????????????????????# # #??????????? | | ?????????????????###????# #??????????? | | ?????????????????# ##??## #??????????? | | ?????????????????# #?## ## "#??????????? | | ????????????????## ### ### ""##?????????? | | ???????????????## ## ## " ##????????? | | ?????????????### ## ##### ## ##???????? | | ????????####?# ## ##??######## ##??????? | | ####????#""#?# ####??????# #??????? | | # ###### ### " #??????# #??????? | | # # ## "& ## ## ##??????# ##?????? | | !%*% #########???????# ##????? | | # =% ##???????????????# #????? | | # ## ## ##????????????????# #???? | | # ####### ####?????????????????## #??? | | # ###?????### #?????????????????????####### ##??? | | ###?????????####????????????????????????????##???? | | ?????????????????????????????????????????????????? | +----------------------------------------------------+ Best States ------------- Heat Dissipation 25 Energy Generation 15 Energy Capacity 200 Matter Stores 300 Matter Capacity 300 Sight Range 16 Terrain Scan Range 16 Terrain Scan Density 10 Armor Coverage 150 Propulsion Shielding 33 Evasion (%) 55 Recoil Reduction 2 Item Schematics ----------------- None Robot Schematics ------------------ None Fabricated ------------ Nothing Repaired ---------- Nothing Studied --------- None Alien Tech Used ----------------- None Achievements -------------- None Challenges ------------ None Game ------ Seed DefenseAlloyMinigun Manual? 0 Play Time 00:19:18 Cumulative 383.0 hours Start 2026.04.04 @ 01:12:35 End 2026.04.04 @ 01:25:46 Sessions 1 Manual Loads 0 Difficulty Rogue Special Mode None Game No. 315 Rogue 279 Adventurer 36 Explorer 0 Win Type - Total 5 Types 2/0/0/1/0/0/0/2/0/0 Lore% 72 Gallery% 66 Achievement% 54 Wizard Run 0 Options --------- Layout 1 ASCII 0 Keyboard 0 Movement Numpad Keybinds 0 Fullscreen 1 Font 48/Smallcaps Map View 50x35 Zoom Use 0% Tactical HUD 1 Map Filters NONE Filters NONE Steam 1 RUN: 501f73c1-bb7f-44c3-9e44-d5ac307298a2